 Dungeon Crawl Stone Soup version 0.23.2-40-g277498a001 (webtiles) character file.

Game seed: 2240024827249779947

238 Exodus22XD the Magician (level 5, -14/28 HPs)
             Began as a Deep Elf Ice Elementalist on Sept 23, 2019.
             Demolished by an ice beast (21 damage)
             ... on level 4 of the Dungeon.
             The game lasted 00:16:36 (3622 turns).

Exodus22XD the Magician (Deep Elf Ice Elementalist) Turns: 3622, Time: 00:16:37

Health: -14/28     AC:  3    Str:  5    XL:     5   Next: 78%
Magic:  10/14      EV: 13    Int: 21    God:
Gold:   171        SH:  0    Dex: 15    Spells: 2/14 levels left

rFire    + . .     SeeInvis .   t - +2 short sword (speed)
rCold    x . .     Gourm    .   (no shield)
rNeg     . . .     Faith    .   a - +0 robe
rPois    .         Spirit   .   n - +0 helmet
rElec    .         Reflect  .   (no cloak)
rCorr    .         Harm     .   (no gloves)
MR       .....                  (no boots)
Stlth    +++.......             (no amulet)
HPRegen  0.09/turn              o - ring of stealth
MPRegen  0.14/turn              q - ring of fire

@: no status effects
A: no striking features
a: no special abilities


You were on level 4 of the Dungeon.
You were not hungry.

You visited 1 branch of the dungeon, and saw 4 of its levels.

You collected 171 gold pieces.

Inventory:

Hand Weapons
 t - a +2 short sword of speed (weapon)
Armour
 a - a +0 robe (worn)
 n - a +0 helmet (worn)
Jewellery
 o - a ring of stealth (left hand)
 q - a ring of fire (right hand)
Scrolls
 b - a scroll of identify
 e - 2 scrolls of remove curse
 g - a scroll of enchant weapon {unknown}
 i - a scroll of immolation {unknown}
 j - a scroll of amnesia {unknown}
Potions
 d - a potion of magic {unknown}
 h - a potion of berserk rage {unknown}
 k - 4 potions of heal wounds {unknown}
 l - a potion of degeneration {unknown}
 m - a potion of mutation {unknown}
 p - a potion of resistance {unknown}
 r - 4 potions of flight {unknown}
 s - a potion of curing {unknown}
Comestibles
 c - 7 rations
 f - 3 chunks of flesh


   Skills:
 - Level 2.4 Dodging
 - Level 2.4 Stealth
 + Level 5.0 Spellcasting
 - Level 4.1 Conjurations
 + Level 4.8 Ice Magic


You had 2 spell levels left.
You knew the following spells:

 Your Spells              Type           Power        Failure   Level  Hunger
a - Freeze                Ice            ####         1%          1    None
b - Ozocubu's Armour      Chrm/Ice       ###.....     12%         3    ##.....
c - Throw Icicle          Conj/Ice       ###.....     17%         4    ####...
d - Summon Ice Beast      Ice/Summ       ###.....     38%         4    ####...

Your spell library contained the following spells:

 Spells                   Type           Power        Failure   Level  Hunger
 Throw Frost              Conj/Ice       ###...       2%          2    None
 Confusing Touch          Hex            #.....       11%         1    None
 Confuse                  Hex            #.......     32%         3    ##.....
 Gell's Gravitas          Tloc           #.........   32%         3    ##.....
 Petrify                  Tmut/Erth      #.......     71%         4    ####...
 Metabolic Englaciation   Hex/Ice        ###.......   75%         5    #####..
 Yara's Violent Unravell  Hex/Tmut       #.........   96%         5    #####..


Dungeon Overview and Level Annotations

Branches:
Dungeon (4/15)
 Temple: D:4-7

Altars:
Hepliaklqana
Sif Muna
Wu Jian


Message History

Confirm with . or Enter, or press ? or * to list all spells.
A chill wind blows around you. The ice beast hits you.
The ice beast freezes you!
You feel a terrible chill!
* * * LOW HITPOINT WARNING * * *
Your ice beast hits the ice beast.
Your ice beast freezes the ice beast.
The ice beast completely resists.
What are your orders? t - Shout!
Orders for allies: a - Attack new target. r - Retreat! s - Stop attacking. g - Guard the area. f - Follow me.
Anything else - Cancel.
Gang up on whom?
Press: ? - help, Dir - move target cursor, f - ice beast
Aim: an ice beast (lightly wounded) Attack!
The ice beast hits you.
* * * LOW HITPOINT WARNING * * *
The ice beast freezes you!!
You feel a terrible chill!
Ouch! That really hurt!
You die...

##.###.#..# ##.##.
..........### #.##.
#......# ###.##.
#.##.#.... ..#.##.
#.##.# # #.# ##.
#.##.## #.#.##.
#.##..## #####.#.##.
#.##...###.......###
#YY@.#.....###.#####
####...##### #......
##.## #######
#.##############
#...............
################


You could see an ice beast and a friendly ice beast.

Vanquished Creatures
  An iguana (D:4)
  Natasha (thrice) (D:2)
  Robin (D:3)
  4 adders
  An ooze (D:2)
  An adder skeleton (D:4)
  A worm (D:4)
  3 dart slugs
  An orc (D:3)
  2 ball pythons
  A giant cockroach (D:3)
  12 goblins
  14 hobgoblins
  3 jackals (D:1)
  12 kobolds
  A quokka (D:3)
  7 bats
  A frilled lizard (D:1)
  7 rats
76 creatures vanquished.

Notes
Turn   | Place    | Note
-------+----------+-------------------------------------------
     0 | D:1      | Exodus22XD the Deep Elf Ice Elementalist began the quest
                  | for the Orb.
     0 | D:1      | Reached XP level 1. HP: 10/10 MP: 6/6
   104 | D:1      | Reached XP level 2. HP: 15/15 MP: 4/8
   944 | D:2      | Reached XP level 3. HP: 19/19 MP: 6/10
  1067 | D:2      | Reached skill level 4 in Spellcasting
  1454 | D:2      | Found a hazy altar of Hepliaklqana.
  1503 | D:2      | Noticed Natasha
  1508 | D:2      | Killed Natasha
  1508 | D:2      | Reached XP level 4. HP: 3/24 MP: 8/12
  1772 | D:2      | Learned a level 3 spell: Ozocubu's Armour
  1782 | D:2      | Learned a level 4 spell: Throw Icicle
  1909 | D:2      | Noticed Natasha
  1920 | D:2      | Killed Natasha
  1944 | D:2      | Noticed Natasha
  1952 | D:2      | Killed Natasha
  2332 | D:3      | Reached XP level 5. HP: 24/28 MP: 10/13
  2738 | D:3      | Found a deep blue altar of Sif Muna.
  3118 | D:3      | Found an ornate altar of the Wu Jian Council.
  3166 | D:3      | Noticed Robin
  3235 | D:3      | Killed Robin
  3513 | D:4      | Learned a level 4 spell: Summon Ice Beast
  3539 | D:4      | Reached skill level 5 in Spellcasting
  3549 | D:4      | Noticed an ice beast
  3622 | D:4      | Demolished by an ice beast

Skill      XL: |  1  2  3  4  5 |
---------------+----------------+-----
Ice Magic      | 4 |  4.8
Spellcasting   | 4 5 |  5.0
Conjurations   | 3 4 |  4.1
Dodging        | |  2.4
Stealth        | |  2.4

Action                   |  1- 3 |  4- 6 || total
-------------------------+-------+-------++-------
Melee: Unarmed           |     2 |       ||     2
       Short sword       |     1 |    12 ||    13
 Cast: Freeze            |    50 |    63 ||   113
       Ozocubu's Armour  |       |     2 ||     2
       Summon Ice Beast  |       |     1 ||     1
  Use: Scroll            |       |     1 ||     1
 Stab: Sleeping          |     1 |     6 ||     7
  Eat: Chunk             |     1 |     7 ||     8
Armor: Robe              |     5 |     8 ||    13
Dodge: Dodged            |    22 |    27 ||    49
